Map: Moonlight Madness LE (Void)

Players

metoobeefrui - Winner!

  • Race: Zerg Zerg
  • League: Silver

Marl

  • Race: Terran Terran
  • League: Silver

VOD

Have the link to the VOD?

Description

Time

  • Played on: Sept. 7, 2015, 3:30 p.m.
  • Length: 21:59
Show
View Real Time Build Order
Export as new Build Order

metoobeefrui Zerg - Winner!

Build Orders: Hatch First 

Get SALT Encoding   

  12  0:01  Drone  
  13  0:11  Drone  
  14  0:18  Overlord  
  14  0:37  Drone x3  
  17  0:51  Drone  
  18  1:00  Drone  
  18  1:03  Hatchery  
  19  1:11  Drone  
  19  1:18  Spawning Pool  
  18  1:24  Drone  
  19  1:33  Drone  
  20  1:42  Hatchery  
  20  1:44  Drone  
  20  1:47  Extractor  
  19  1:55  Drone  
  20  2:05  Queen  
  20  2:07  Overlord  
  22  2:15  Queen  
  24  2:23  Zergling x2  
  24  2:24  Drone  
  26  2:32  Drone x2  
  28  2:42  Drone  
  28  2:43  Drone  
  30  2:54  Drone  
  30  2:55  Drone x2  
  30  2:56  Queen  
  30  2:58  Drone  
  36  3:00  Drone  
  37  3:13  Zergling x2  
  37  3:14  Zergling x2  
  37  3:16  Drone x3  
  42  3:30  Overlord x2  
  42  3:44  Metabolic Boost  
  42  3:47  Lair  
  42  3:50  Drone x11  
  42  3:54  Overlord  
  53  4:07  Drone  
  53  4:08  Drone x4  
  58  4:15  Drone x5  
  63  4:29  Zergling x6  
  63  4:30  Overlord  
  63  4:31  Overlord x3  
  66  4:32  Overlord  
  65  4:49  Zergling x2  
  65  4:50  Zergling x16  
  74  5:09  Baneling Nest  
  74  5:14  Zergling x8  
  74  5:15  Zergling x8  
  74  5:16  Drone x3  
  82  5:37  Hatchery  
  57  5:58  Drone x13  
  58  6:22  Zergling x2  
  58  6:23  Zergling x14  
  55  6:44  Drone x11  
  57  7:10  Drone x8  
  65  7:20  Zergling x12  
  66  7:36  Spire  
  65  7:37  Drone x5  
  70  8:00  Spore Crawler  
  69  8:07  Drone  
  69  8:08  Drone x5  
  69  8:10  Drone x5  
  80  8:19  Baneling  
  77  8:20  Baneling x8  
  77  8:21  Zergling x2  
  77  8:22  Zergling x6  
  71  8:53  Mutalisk x2, Zergling x8  
  75  8:56  Zergling x12  
  68  9:11  Zergling x6  
  68  9:13  Queen  
  73  9:23  Drone x6  
  79  9:57  Drone x8  
  79  9:58  Drone x2  
  89  10:00  Hatchery  
  89  10:05  Drone x2  
  89  10:06  Drone x8  
  95  10:10  Drone x2  
  94  10:16  Hatchery  
  92  10:33  Drone x3  
  92  10:34  Drone x12  
  107  10:52  Mutalisk x2  
  105  11:10  Overlord x2  
  105  11:11  Overlord x4  
  99  11:40  Extractor  
  99  11:42  Extractor  
  99  11:43  Extractor  
  99  11:44  Drone x14, Extractor  
  99  11:45  Drone x8, Queen  
  119  11:52  Extractor  
  119  11:53  Extractor  
  117  11:54  Queen  
  119  12:11  Drone x2  
  119  12:12  Drone x8  
  119  12:15  Zergling x20, Extractor  
  133  12:16  Zergling x4  
  140  12:25  Extractor  
  140  12:26  Extractor  
  138  12:34  Extractor  
  137  13:04  Zerg Flyer Weapons Level 1, Centrifical Hooks  
  137  13:05  Roach Warren x2  
  135  13:20  Overlord x5  
  135  13:21  Overlord x2  
  135  13:42  Mutalisk x10  
  135  13:43  Mutalisk x6  
  135  13:46  Zergling x2  
  135  13:47  Zergling x54  
  135  13:48  Zergling x10  
  200  13:56  Evolution Chamber x2  
  200  14:00  Baneling x7  
  200  14:01  Baneling x13  
  198  14:03  Zergling x4  
  148  14:30  Zergling x16  
  148  14:31  Zergling x42  
  172  14:53  Overlord x5  
  172  14:54  Overlord  
  172  15:05  Mutalisk x10  
  172  15:06  Mutalisk x5  
  162  15:08  Zergling x4  
  161  15:26  Zergling x2  
  161  15:27  Zergling x32  
  149  15:42  Zergling x2  
  146  15:43  Zergling x36  
  162  15:51  Drone x3  
  162  15:52  Infestation Pit  
  162  16:09  Overseer  
  161  16:13  Zergling x2  
  161  16:14  Zergling x46  
  161  16:16  Baneling  
  161  16:17  Baneling x22  
  161  16:18  Zergling x4, Baneling  
  109  16:55  Mutalisk x12  
  109  16:56  Zergling x2  
  109  16:57  Zergling x22  
  109  17:00  Baneling x3  
  109  17:01  Baneling x11  
  145  17:21  Zerg Melee Weapons Level 1  
  145  17:22  Zerg Ground Armor Level 1  
  145  17:23  Hive  
  145  17:27  Zerg Flyer Weapons Level 2  
  145  17:30  Hatchery, Zergling x26  
  145  17:31  Zergling x20  
  145  17:36  Zergling x2  
  169  17:37  Zergling x12  
  169  17:43  Hatchery  
  173  17:45  Hatchery  
  168  18:22  Drone x6  
  174  18:44  Ultralisk Cavern  
  173  18:49  Spire  
  173  18:53  Adrenal Glands  
  172  19:03  Queen  
  172  19:04  Queen  
  172  19:06  Queen  
  172  19:09  Mutalisk x4  
  180  19:10  Mutalisk x7  
  197  19:56  Overlord  
  197  19:57  Overlord x2  
  197  20:03  Greater Spire  
  197  20:24  Chitinous Plating  
  197  20:29  Extractor  
  192  20:48  Zergling x10  
  192  20:49  Zergling x26  
  181  20:50  Zergling x34  
  150  21:27  Mutalisk x3, Zergling x2  
  150  21:28  Mutalisk x17  
Show
View Real Time Build Order
Export as new Build Order

Marl Terran 

Build Orders: Liberator Opening, Mech 

Get SALT Encoding   

  12  0:00  SCV  
  13  0:13  SCV  
  14  0:18  Supply Depot  
  14  0:25  SCV  
  15  0:40  SCV  
  15  0:41  Barracks  
  16  0:52  SCV, Refinery  
  17  1:04  SCV  
  18  1:16  SCV  
  19  1:27  Command Center  
  19  1:29  Marine  
  20  1:33  SCV  
  21  1:44  Supply Depot  
  21  1:47  SCV  
  22  1:54  Refinery  
  22  2:03  Orbital Command  
  22  2:06  Marine  
  23  2:21  Factory  
  23  2:31  Marine  
  23  2:32  SCV  
  25  2:40  Factory  
  25  2:46  Orbital Command  
  25  2:52  Marine  
  25  2:54  SCV  
  27  3:05  Orbital Command  
  27  3:06  SCV, Factory Reactor  
  27  3:11  Starport  
  28  3:20  Marine  
  28  3:22  SCV  
  28  3:26  Factory Reactor  
  30  3:32  SCV  
  31  3:34  SCV  
  31  3:39  Liberator  
  32  3:42  Marine  
  32  3:43  Refinery  
  32  3:44  SCV  
  32  3:47  Refinery  
  34  3:48  Supply Depot  
  34  3:54  Liberator  
  34  3:57  Factory Tech Lab  
  34  3:59  SCV  
  38  4:11  SCV  
  38  4:15  SCV  
  43  4:20  Marine  
  43  4:23  SCV  
  45  4:24  Hellion x2  
  45  4:25  Hellion  
  45  4:27  SCV  
  45  4:31  Armory  
  52  4:35  Engineering Bay  
  52  4:46  SCV  
  52  4:49  Marine  
  54  5:08  Supply Depot  
  54  5:12  Supply Depot x2  
  54  5:13  SCV x2  
  56  5:19  Missile Turret x2  
  56  5:22  Missile Turret  
  56  5:23  Missile Turret  
  56  5:24  Missile Turret  
  56  5:25  SCV x2  
  41  5:48  Siege Tank  
  38  5:55  Hellion  
  42  5:58  SCV x2  
  42  6:02  Hellion  
  36  6:20  Siege Tank  
  36  6:23  Infernal Pre-Igniter  
  35  6:38  SCV x2  
  33  6:50  SCV x2  
  33  6:53  Factory Reactor, Starport Reactor  
  35  7:02  SCV x2  
  37  7:14  SCV x2  
  39  7:26  SCV  
  39  7:27  SCV  
  41  7:34  Hellion x2, Siege Tank  
  48  7:39  SCV x2  
  48  7:42  Factory  
  48  7:43  Factory  
  50  7:46  Terran Vehicle Weapons Level 1  
  50  7:51  SCV x2  
  52  7:58  Hellion x2  
  56  8:03  SCV  
  54  8:24  SCV  
  54  8:25  SCV  
  59  8:27  Hellion x2, Siege Tank  
  63  8:37  SCV x2  
  62  9:08  Hellion x2, Siege Tank  
  57  9:10  Factory Reactor  
  57  9:11  Factory Reactor  
  57  9:26  SCV x2  
  59  9:38  Command Center  
  59  9:46  Terran Vehicle Weapons Level 2  
  59  9:49  Missile Turret  
  59  9:53  Missile Turret  
  59  9:59  Hellion, Siege Tank  
  66  10:00  Hellion  
  66  10:10  Viking x2  
  70  10:15  Hellion  
  70  10:16  Hellion x3  
  70  10:21  Hellion x2  
  82  10:31  Thor  
  85  10:52  Orbital Command  
  83  11:15  Widow Mine x2  
  83  11:16  Widow Mine x2  
  93  11:18  Thor  
  93  11:19  Widow Mine x2  
  101  11:28  Missile Turret x2  
  101  11:30  Missile Turret  
  101  11:49  Missile Turret  
  101  12:02  Orbital Command  
  101  12:44  Terran Vehicle Weapons Level 3  
  101  12:45  Thor, SCV x3  
  101  12:47  Armory  
  110  12:52  Starport  
  110  12:57  SCV x3  
  113  13:02  Hellion x3  
  113  13:03  Hellion  
  113  13:04  Factory Tech Lab  
  121  13:09  SCV  
  122  13:19  SCV  
  123  13:31  SCV  
  124  13:39  Supply Depot  
  124  13:43  SCV, Refinery, Supply Depot  
  124  13:45  Refinery  
  125  14:01  Thor, SCV  
  132  14:13  SCV  
  107  14:25  SCV  
  94  14:42  Hellion x5  
  94  14:44  Hellion  
  106  14:52  SCV x3  
  109  15:03  Hellion  
  109  15:04  SCV x3, Hellion x3  
  115  15:09  Liberator x2  
  115  15:14  Missile Turret  
  115  15:15  Missile Turret  
  115  15:16  Hellion  
  115  15:17  Hellion  
  115  15:18  Missile Turret  
  119  15:23  Starport Tech Lab  
  119  15:24  Hellion  
  119  15:25  Hellion x2  
  131  15:30  Hellion  
  121  15:38  Siege Tank  
  111  15:46  SCV  
  112  15:51  Siege Tank  
  115  15:58  SCV  
  116  16:10  SCV  
  117  16:15  Hellion x3  
  117  16:16  Hellion, Siege Tank  
  128  16:22  SCV  
  128  16:23  Siege Tank  
  132  16:34  SCV  
  124  16:44  Hellion  
  124  16:45  Hellion x3  
  110  16:48  Thor  
  92  17:06  Thor  
  98  17:09  Hellion x2  
  98  17:10  Hellion x2  
  106  17:16  Command Center  
  106  17:28  SCV x2  
  108  17:30  SCV  
  108  17:31  Siege Tank  
  112  17:40  SCV  
  112  17:42  SCV  
  114  17:46  Widow Mine x3  
  114  17:47  Widow Mine  
  114  17:49  Siege Tank  
  123  17:52  SCV  
  123  17:54  SCV  
  125  18:04  SCV  
  126  18:06  Siege Tank  
  125  18:25  Hellion  
  125  18:26  Hellion x3  
  135  18:27  Hellion  
  135  18:31  Orbital Command  
  135  18:38  Hellion  
  137  18:47  Hellion x4  
  137  18:48  Thor  
  151  19:26  Thor  
  151  20:05  Hellion x2  
  155  20:17  Supply Depot x3  
  155  20:18  Supply Depot  
  155  20:19  Supply Depot, Orbital Command  
  155  20:21  Supply Depot  
  155  20:38  Thor, Siege Tank  
  155  20:39  Supply Depot, Hellion x3  
  107  20:55  Hellion  
  100  21:00  Hellion x2  
  104  21:10  Siege Tank  
  83  21:21  Siege Tank  
Tags
 
Add a new tag
Caveats
  • Supply blocks, unpowered buildings, or Contaminate may cause inaccurate times.
  • Supply counts are checked every 10 seconds.